 Dungeon Crawl Stone Soup version 0.28-a0-1233-g92def6ad0a (webtiles) character file.

Game seed: 3773605182039602826

101 HessuHobo the Skirmisher (level 4, 0/49 HPs)
             Began as an Ogre Fighter on Dec 23, 2021.
             Frozen to death by an endoplasm (1 damage)
             ... on level 3 of the Dungeon.
             The game lasted 00:07:00 (3776 turns).

HessuHobo the Skirmisher (Ogre Fighter)             Turns: 3776, Time: 00:07:01

Health: 0/49       AC:  3    Str: 22    XL:     4   Next: 75%
Magic:  4/4        EV:  8    Int:  9    God:
Gold:   50         SH:  7    Dex:  8    Spells: 3/3 levels left

rFire   . . .      SeeInvis .   a - +0 flail
rCold   . . .      Faith    .   c - +0 kite shield
rNeg    . . .      Spirit   .   b - +0 robe
rPois   .          Reflect  .   (helmet restricted)
rElec   .          Harm     .   (no cloak)
rCorr   .          Rampage  .   (gloves unavailable)
Will    .....                   (boots unavailable)
Stlth   +.........              (no amulet)
HPRegen 0.16/turn               (no ring)
MPRegen 0.09/turn               (no ring)

@: lethally poisoned (0 -> -2), attractive
A: large, unfitting armour, tough skin 1
a: no special abilities


You were on level 3 of the Dungeon.
You visited 1 branch of the dungeon, and saw 3 of its levels.

You collected 50 gold pieces.

Inventory:

Hand Weapons
 a - a +0 flail (weapon)
Missiles
 f - 31 stones
 g - a boomerang (quivered)
 m - a throwing net
Armour
 b - a +0 robe (worn)
 c - a +0 kite shield (worn)
Scrolls
 j - a scroll of holy word {unknown}
 k - a scroll of identify {unknown}
 l - 2 scrolls of immolation {unknown}
Potions
 d - a potion of might
 e - a potion of brilliance {unknown}
 i - a potion of heal wounds {unknown}


   Skills:
 + Level 4.9 Fighting
 * Level 3.3 Maces & Flails
 - Level 2.6 Dodging
 + Level 3.3 Shields


You had 3 spell levels left.
You didn't know any spells.
Your spell library contained the following spells:

 Spells                   Type           Power      Damage    Failure   Level
 Summon Guardian Golem    Hex/Summ       0%         N/A       99%         3
 Orb of Destruction       Conj           0%         N/A       100%        7
 Spellforged Servitor     Conj/Summ      0%         N/A       100%        7


Dungeon Overview and Level Annotations

Branches:
Dungeon (3/15)

Altars:


Innate Abilities, Weirdness & Mutations

You are too large for most types of armour.
You have tough skin. (AC +1)


Message History

You feel sick. The adder barely misses you. The adder bites you.
You closely miss the adder.
The adder is moderately wounded.
You feel sick. The endoplasm barely misses you. The adder bites you.
You closely miss the adder.
The adder is moderately wounded.
You feel sick.
You are no longer poisoned.
The adder closely misses you.
The endoplasm jiggles.
You block the endoplasm's attack. You block the adder's attack.
You block the endoplasm's attack.
You miss the adder.
The adder is moderately wounded.
You block the adder's attack. The endoplasm freezes you.
You are frozen.
* * * LOW HITPOINT WARNING * * *
You block the adder's attack.
You closely miss the adder.
The adder is moderately wounded.
You block the adder's attack. The endoplasm barely misses you.
The adder bites you.
* * * LOW HITPOINT WARNING * * *
The endoplasm hits you.
* * * LOW HITPOINT WARNING * * *
You hit the adder.
The adder is severely wounded.
You block the adder's attack. You block the endoplasm's attack.
The adder bites you.
* * * LOW HITPOINT WARNING * * *
You are lethally poisoned!
The adder poisons you!
It was a potion of attraction.
You feel attractive to monsters.
* * * LOW HITPOINT WARNING * * *
You feel sick. The endoplasm freezes you.
You are frozen.
You die...

###....### ##
#..######
#........
###.#..####
#.).##...#
##.#.# ##K.#
#..#.# #.#
#J##.# .#
#@##.#
#S##.###
#b.....#
#......#
##......#
##....†..#
#........#
###.#......#
#...........#


You could see an adder, an endoplasm and a bat.

Vanquished Creatures
  4 gnolls
  2 adders
  2 worms (D:2)
  3 ball pythons (D:2)
  5 bats
  5 endoplasms
  2 giant cockroaches
  2 goblins (D:2)
  4 hobgoblins
  A quokka (D:2)
  3 frilled lizards
  4 kobolds
  4 rats
41 creatures vanquished.

Notes
Turn   | Place    | Note
-------+----------+-------------------------------------------
     0 | D:1      | HessuHobo the Ogre Fighter began the quest for the Orb.
     0 | D:1      | Reached XP level 1. HP: 24/24 MP: 1/1
   461 | D:1      | Reached XP level 2. HP: 29/32 MP: 2/2
  1473 | D:2      | Reached XP level 3. HP: 33/40 MP: 3/3
  2609 | D:1      | Reached XP level 4. HP: 32/49 MP: 4/4
  3627 | D:3      | Noticed a bullfrog
  3775 | D:3      | HP: 2/49 [adder (4)]
  3776 | D:3      | Frozen to death by an endoplasm

Illustrated notes

Levels and vault maps discovered:
D:1:      nzn_arrival_crosshair, layout_loops_ring
D:2:      layout_loops_ring, minmay_pentomino_q2
D:3:      layout_rooms, st_stairs_3

Skill      XL: |  1  2  3 |
---------------+----------+-----
Maces & Flails | 2 3 |  3.3
Shields        | 3 |  3.3
Fighting       | |  4.9
Dodging        | |  2.6

Action                   |  1- 3 |  4- 6 || total
-------------------------+-------+-------++-------
Melee: Flail             |   112 |    50 ||   162
Throw: Stone             |     9 |       ||     9
       Boomerang         |    21 |       ||    21
  Use: Potion            |       |     1 ||     1
Armor: Robe              |    35 |    18 ||    53
Dodge: Dodged            |    38 |    18 ||    56
Block: Kite shield       |    43 |    36 ||    79

Table legend: (Time is in decaauts)
 A = Elapsed time spent in this place.
 B = Non-inter-level travel time spent in this place.
 C = Inter-level travel time spent in this place.
 D = Time resting spent in this place.
 E = Time spent auto-exploring this place.
 F = Levels seen in this place.
 G = Mean time per level.
                   A        B        C        D        E       F      G
               +--------+--------+--------+--------+--------+-----+--------+
         Total |   3871 |   3751 |    120 |   1758 |   1077 |   3 | 1290.3 |
       Dungeon |   3871 |   3751 |    120 |   1758 |   1077 |   3 | 1290.3 |
               +--------+--------+--------+--------+--------+-----+--------+

Top non-repeatable levels by time:
     D:2: 2194 daAuts
     D:1: 1579 daAuts
     D:3: 98 daAuts
